 Dungeon Crawl Stone Soup version 0.22-a0-617-g6d95e9e (webtiles) character file.

686 Hebeh the Conjurer (level 7, -4/36 HPs)
             Began as a Deep Elf Fire Elementalist on July 12, 2018.
             Slain by an iguana (5 damage)
             ... on level 5 of the Dungeon.
             The game lasted 00:27:16 (5485 turns).

Hebeh the Conjurer (Deep Elf Fire Elementalist)     Turns: 5485, Time: 00:27:16

Health: -4/36      AC:  4    Str:  5    XL:     7   Next: 35%
Magic:  18/26      EV: 13    Int: 22    God:
Gold:   188        SH:  0    Dex: 15    Spells: 3/17 levels left

rFire    . . .     SeeInvis .   b - +1 hunting sling
rCold    . . .     Gourm    +   (no shield)
rNeg     . . .     Faith    .   p - +0 robe
rPois    +         Spirit   .   (no helmet)
rElec    .         Reflect  .   y - +1 cloak
rCorr    .         Harm     .   (no gloves)
MR       .....                  (no boots)
Stlth    ++........             m - amulet of the gourmand
HPRegen  0.12/turn              s - ring of poison resistance
MPRegen  0.20/turn              v - ring of magical power

@: no status effects
A: no striking features
a: no special abilities


You were on level 5 of the Dungeon.
You were completely stuffed.

You visited 1 branch of the dungeon, and saw 5 of its levels.

You collected 188 gold pieces.

Inventory:

Hand Weapons
 a - a +0 spear
 b - a +1 hunting sling (weapon)
 e - a cursed -2 short sword
 t - a +0 whip
Missiles
 d - 137 stones (quivered)
 l - 4 tomahawks
 r - 120 arrows
Armour
 p - a +0 robe (worn)
 y - a +1 cloak (worn)
Jewellery
 m - an amulet of the gourmand (around neck)
 q - an uncursed ring of flight
 s - a ring of poison resistance (left hand)
 v - a ring of magical power (right hand)
Scrolls
 f - 3 scrolls of amnesia
 g - 2 scrolls of identify
 h - a scroll of teleportation
 n - a scroll of fear
 o - a scroll of remove curse
Potions
 i - a potion of mutation {unknown}
 j - a potion of haste {unknown}
 k - 2 potions of curing
 x - a potion of agility {unknown}
Comestibles
 c - 18 rations
 u - 4 chunks of flesh


   Skills:
 - Level 2.4 Dodging
 - Level 2.4 Stealth
 + Level 5.8 Spellcasting
 + Level 6.0 Conjurations
 + Level 0.7 Hexes
 * Level 5.8 Fire Magic


You had 3 spell levels left.
You knew the following spells:

 Your Spells              Type           Power        Failure   Level  Hunger
a - Flame Tongue          Conj/Fire      ####.        1%          1    None
b - Magic Dart            Conj           ####         1%          1    None
c - Conjure Flame         Conj/Fire      ####....     2%          3    ##.....
d - Throw Flame           Conj/Fire      ####..       1%          2    None
e - Dazzling Spray        Conj/Hex       ###...       7%          3    ##.....
f - Iskenderun's Mystic   Conj           ####....     8%          4    ####...

Your spell library contained the following spells:

 Spells                   Type           Power        Failure   Level  Hunger
 Fireball                 Conj/Fire      ####......   22%         5    #####..
 Sticky Flame             Conj/Fire      ####....     9%          4    ####...
 Inner Flame              Hex/Fire       ###.....     7%          3    ##.....
 Fulminant Prism          Conj/Hex       ###.......   22%         4    ####...
 Force Lance              Conj/Tloc      ###.....     26%         4    ####...
 Searing Ray              Conj           ####..       1%          2    None


Dungeon Overview and Level Annotations

Branches:
Dungeon (5/15)
 Temple: D:4-7

Altars:
Fedhas
Uskayaw


Message History

Aim: an iguana (almost dead)
The flame tongue hits the iguana.
The iguana appears unharmed.
The iguana is almost dead.
The iguana bites you!
* * * LOW HITPOINT WARNING * * *
Casting: Flame Tongue (safe; 1% risk of failure)
Confirm with . or Enter, or press ? or * to list all spells.
Aiming: Flame Tongue (safe; 1% risk of failure)
Press: ? - help, Shift-Dir - straight line, f/p - iguana
Aim: an iguana (almost dead)
The flame tongue misses the iguana.
The iguana barely misses you.
Casting: Flame Tongue (safe; 1% risk of failure)
Confirm with . or Enter, or press ? or * to list all spells.
Aiming: Flame Tongue (safe; 1% risk of failure)
Press: ? - help, Shift-Dir - straight line, f/p - iguana
Aim: an iguana (almost dead)
The flame tongue hits the iguana.
The iguana appears unharmed.
The iguana is almost dead.
The iguana bites you.
You die... ####### #...l@# #.#####

You could see an iguana.

Vanquished Creatures
  A phantom (D:4)
  An ogre (D:4)
  A bullfrog zombie (D:3)
  3 orc priests (D:3)
  A hound (D:4)
  2 worker ants (D:4)
  An iguana (D:4)
  5 orc wizards
  4 adders
  2 oozes (D:2)
  2 worms (D:2)
  4 dart slugs
  A leopard gecko (D:3)
  18 orcs
  2 ball pythons (D:2)
  6 bats
  2 giant cockroaches
  2 goblins
  5 hobgoblins
  7 jackals (D:2)
  A quokka (D:4)
  A ball python skeleton (D:4)
  9 frilled lizards
  8 kobolds
  5 rats
94 creatures vanquished.

Notes
Turn   | Place    | Note
-------+----------+-------------------------------------------
     0 | D:1      | Hebeh the Deep Elf Fire Elementalist began the quest for the Orb.
     0 | D:1      | Reached XP level 1. HP: 10/10 MP: 6/6
   142 | D:1      | Reached XP level 2. HP: 13/15 MP: 5/8
   341 | D:1      | Reached skill level 2 in Conjurations
  1101 | D:1      | Learned a level 2 spell: Throw Flame
  1175 | D:2      | Found a hide-covered altar of Uskayaw.
  1175 | D:2      | Noticed a hand axe
  1175 | D:2      | Noticed a dagger
  1179 | D:2      | Reached XP level 3. HP: 19/19 MP: 7/10
  1184 | D:2      | Learned a level 3 spell: Conjure Flame
  1736 | D:2      | Reached skill level 3 in Conjurations
  1937 | D:2      | Reached XP level 4. HP: 24/24 MP: 11/11
  2158 | D:3      | Learned a level 1 spell: Magic Dart
  2162 | D:3      | Learned a level 3 spell: Dazzling Spray
  2709 | D:3      | Reached XP level 5. HP: 19/28 MP: 9/13
  3002 | D:3      | Found a blossoming altar of Fedhas.
  3085 | D:3      | Reached skill level 4 in Conjurations
  3172 | D:3      | Reached skill level 5 in Spellcasting
  3172 | D:3      | Reached XP level 6. HP: 11/32 MP: 13/15
  3812 | D:3      | Learned a level 4 spell: Iskenderun's Mystic Blast
  4337 | D:4      | Reached skill level 5 in Conjurations
  4337 | D:4      | Reached skill level 5 in Fire Magic
  4755 | D:4      | Reached XP level 7. HP: 36/36 MP: 17/17
  5049 | D:4      | Reached skill level 6 in Conjurations
  5476 | D:5      | Entered Level 5 of the Dungeon
  5483 | D:5      | HP: 1/36 [iguana (14)]
  5485 | D:5      | Slain by an iguana

Vault maps used:
D:1:      minmay_arrival_up_and_down, minmay_stone_trees_small
D:2:      dancing_weapons_uskayaw, first_ration, minmay_shallow_snake_nest
D:3:      fedhas_altar_fruit_tree, grunt_ministairs_12, serial_park_tiny_1,
          supply_closet_lemuel
D:5:      nicolae_overflow_crystal_walls, minmay_temple_entry_trees

Skill      XL: |  1  2  3  4  5  6  7 |
---------------+----------------------+-----
Conjurations   | 2 3 4 5 6 |  6.0
Fire Magic     | 4 5 |  5.8
Spellcasting   | 4 5 |  5.8
Dodging        | |  2.4
Stealth        | |  2.4
Hexes          | |  0.7

Action                   |  1- 3 |  4- 6 |  7- 9 || total
-------------------------+-------+-------+-------++-------
Melee: Spear             |       |     1 |       ||     1
       Hunting sling     |       |     1 |       ||     1
 Fire: Hunting sling     |    13 |    16 |       ||    29
Throw: Stone             |    49 |       |       ||    49
 Cast: Flame Tongue      |    58 |    68 |    20 ||   146
       Throw Flame       |     7 |       |       ||     7
       Magic Dart        |       |    32 |    20 ||    52
       Dazzling Spray    |       |     1 |       ||     1
       Iskenderun's Myst |       |     2 |     2 ||     4
       Conjure Flame     |       |       |     1 ||     1
  Use: Scroll            |     3 |     8 |       ||    11
  Eat: Chunk             |    12 |    10 |     3 ||    25
Armor: Robe              |     4 |     2 |       ||     6
Dodge: Dodged            |    11 |    23 |     4 ||    38

Table legend:
 A = Spawn XP
 B = Non-spawn XP
 C = Spawn XP percentage of total XP
 D = Spawn monster count
 E = Non-spawn monster count
 F = Spawn count percentage of total count
 G = Total turns spent on level
                    A         B        C        D         E        F      G
               +---------+---------+-------+---------+---------+-------+---------
         Total |       0 |     980 |   0.0 |       0 |      94 |   0.0 |  5485
               +---------+---------+-------+---------+---------+-------+---------
           D:1 |       0 |      39 |   0.0 |       0 |      22 |   0.0 |  1166
           D:2 |       0 |      73 |   0.0 |       0 |      20 |   0.0 |   917
           D:3 |       0 |     310 |   0.0 |       0 |      27 |   0.0 |  1890
           D:4 |       0 |     558 |   0.0 |       0 |      25 |   0.0 |  1503
               +---------+---------+-------+---------+---------+-------+---------
